Map: [ESL] Gresvan

Players

ShoWTimE - Winner!

  • Race: Protoss Protoss
  • Spawn Location: 5:00

Fjant

  • Race: Zerg Zerg
  • Spawn Location: 11:00

Event: ESL SC2 Masters 2023 Summer (Finals)

VOD

Have the link to the VOD?

Description

Time

  • Played on: June 16, 2023, 9:24 a.m.
  • Length: 7:12

All games in this series

Show
View Real Time Build Order
Export as new Build Order

ShoWTimE Protoss - Winner!

Build Orders:  

Get SALT Encoding   

  12  0:00  Probe  
  13  0:12  Probe  
  14  0:17  Pylon  
  14  0:24  Probe (Chrono Boost)  
  15  0:36  Probe (Chrono Boost)  
  15  0:39  Gateway  
  16  0:45  Probe (Chrono Boost)  
  16  0:46  Assimilator  
  17  0:50  Probe  
  18  1:03  Probe  
  19  1:15  Probe  
  20  1:27  Cybernetics Core  
  20  1:38  Pylon  
  20  1:41  Probe  
  20  1:43  Zealot (Chrono Boost)  
  23  1:54  Gateway  
  23  1:57  Probe  
  23  1:59  Assimilator  
  24  2:04  Shield Battery  
  24  2:06  Shield Battery  
  24  2:07  Stalker (Chrono Boost)  
  26  2:16  Probe  
  26  2:21  Pylon  
  27  2:24  Shield Battery  
  27  2:27  Stalker (Chrono Boost)  
  29  2:35  Shield Battery  
  29  2:42  Shield Battery  
  29  2:49  Shield Battery  
  29  2:57  Shield Battery  
  27  3:07  Cybernetics Core  
  27  3:10  Stalker (Chrono Boost)  
  31  3:23  Zealot (Chrono Boost)  
  31  3:28  Pylon  
  31  3:40  Zealot  
  33  3:46  Shield Battery  
  33  3:48  Zealot  
  35  3:50  Warp Gate  
  33  4:12  Gateway x2  
  33  4:27  Stalker (Chrono Boost)  
  33  4:28  Stalker (Chrono Boost)  
  35  4:33  Probe  
  36  4:51  Pylon, Stalker  
  38  4:55  Probe  
  39  5:00  Sentry x2  
  39  5:03  Sentry  
  45  5:19  Probe  
  45  5:20  Robotics Facility  
  46  5:41  Adept, Sentry x2  
  46  5:42  Adept  
  54  5:46  Probe, Pylon  
  55  6:04  Adept x3  
  55  6:05  Adept  
  63  6:15  Pylon  
  63  6:32  Pylon  
  63  6:33  Observer  
  63  6:34  Adept x2  
  63  6:39  Adept  
  70  6:49  Pylon  
  70  7:06  Pylon  
  70  7:07  Pylon  
Show
View Real Time Build Order
Export as new Build Order

Fjant Zerg 

Build Orders: Hatch First 

Get SALT Encoding   

  12  0:00  Drone  
  13  0:09  Drone  
  14  0:36  Hatchery  
  13  0:50  Spawning Pool  
  13  0:55  Drone  
  13  0:58  Drone  
  14  1:05  Extractor  
  14  1:06  Drone  
  15  1:12  Overlord  
  15  1:38  Zergling x6  
  18  1:48  Queen, Zergling x2  
  18  1:52  Spine Crawler  
  20  1:57  Spine Crawler  
  20  1:59  Zergling x2  
  20  2:04  Zergling x2  
  20  2:06  Zergling x2  
  22  2:11  Zergling x2  
  23  2:21  Zergling x2  
  24  2:28  Zergling x4  
  25  2:31  Zergling x2  
  25  2:35  Zergling x2  
  25  2:42  Zergling x2  
  24  2:46  Zergling x2  
  23  2:55  Zergling x4  
  22  3:07  Zergling x4  
  24  3:14  Zergling x2  
  24  3:19  Zergling x2  
  24  3:29  Zergling x4  
  26  3:37  Zergling x2  
  26  3:38  Zergling x2  
  26  3:48  Zergling x4  
  27  3:52  Queen  
  23  4:07  Zergling x4  
  25  4:12  Zergling x4  
  25  4:22  Zergling x4  
  25  4:27  Queen  
  27  4:34  Zergling x4  
  26  4:42  Zergling x4  
  25  5:01  Drone  
  25  5:02  Hatchery  
  25  5:03  Drone  
  26  5:08  Zergling x4  
  28  5:17  Overlord  
  27  5:22  Extractor  
  26  5:37  Drone  
  27  5:45  Overlord  
  27  5:57  Spine Crawler  
  27  6:02  Overlord  
  27  6:03  Zergling x4  
  28  6:14  Zergling x4  
  30  6:24  Zergling x2  
  31  6:30  Zergling x2  
  31  6:35  Zergling x4  
  26  6:54  Zergling x2  
Tags
 
Add a new tag
Caveats
  • Supply blocks, unpowered buildings, or Contaminate may cause inaccurate times.
  • Supply counts are checked every 10 seconds.